 Dungeon Crawl Stone Soup version 0.31-a0-1112-ga3593d9213 (webtiles) character file.

Game seed: 2175298932034387198

254 Descartes the Ducker (level 5, -2/22 HPs)
             Began as a Felid Shapeshifter on Dec 4, 2023.
             Slain by an ufetubus (4 damage)
             ... on level 5 of the Dungeon.
             The game lasted 00:04:47 (2630 turns).

Descartes the Ducker (Felid Shapeshifter)           Turns: 2630, Time: 00:04:48

Health: -2/22      AC:  1    Str: 12    XL:     5   Next: 90%
Magic:  6/6        EV: 19    Int: 11    God:
Gold:   108        SH:  0    Dex: 16    Spells: 4/4 levels left
                                        Lives:  0   Deaths: 2

rFire   . .          .
                       - Unarmed
rCold   . . .        (shield unavailable)
rNeg    . . .        (body armour unavailable)
rPois   .            (helmet unavailable)
rElec   .            (cloak unavailable)
rCorr   .            (gloves unavailable)
SInv    +            (boots unavailable)
Will    .....        (no amulet)
Stlth   +            (no ring)
HPRegen 0.23/turn    (no ring)
MPRegen 0.10/turn

%: no passive effects
@: beast-form, quick
A: beast (slay +2), very small, claws 1, fangs 3, see invisible, speed 1, shaggy
fur 1, stealthy paws, no weapons or thrown items, no armour, multi-lived
a: Begin Untransformation


You were on level 5 of the Dungeon.
You were a hulking beast.
You visited 1 branch of the dungeon, and saw 6 of its levels.

You collected 108 gold pieces.

Inventory:

Jewellery
 g - a ring of flight
Talismans
 b - a beast talisman
 c - a flux talisman
Scrolls
 d - a scroll of fog {unknown}
 e - a scroll of brand weapon {unknown}
 f - 2 scrolls of identify {unknown}
 h - a scroll of noise {unknown}
 i - a scroll of teleportation {unknown}
 m - 3 scrolls of amnesia {unknown}
 o - 2 scrolls of immolation {unknown}
 p - a scroll of silence {unknown}
 q - 2 scrolls of fear {unknown}
 t - 2 scrolls of enchant weapon {unknown}
Potions
 a - 3 potions of lignification
 j - a potion of might {unknown}
 k - 3 potions of attraction {unknown}
 l - a potion of curing {unknown}
 n - a potion of mutation {unknown}
 r - a potion of ambrosia {unknown}
 s - a potion of heal wounds {unknown}


   Skills:
 - Level 1.0 Fighting
 * Level 5.6 Dodging
 * Level 4.8 Unarmed Combat
 + Level 4.1 Shapeshifting


You had 4 spell levels left.
You didn't know any spells.
Your spell library contained the following spells:

 Spells                   Type           Power      Damage    Failure   Level
 Kiss of Death            Conj/Necr      0%         2d5       34%         1
 Shock                    Conj/Air       0%         1d3       34%         1
 Poisonous Vapours        Pois/Air       0%         N/A       47%         2
 Confusing Touch          Hex            0%         N/A       71%         3
 Gell's Gravitas          Tloc           0%         N/A       71%         3
 Mephitic Cloud           Conj/Pois/Air  0%         N/A       71%         3
 Swiftness                Air            0%         N/A       71%         3
 Teleport Other           Tloc           0%         N/A       71%         3
 Airstrike                Air            0%         2d(0-16)  98%         4
 Dispel Undead            Necr           0%         3d6       98%         4
 Freezing Cloud           Conj/Ice/Air   0%         6-21      100%        5
 Dispersal                Tloc           0%         N/A       100%        6


Dungeon Overview and Level Annotations

Branches:
Dungeon (6/15)
 Temple: D:4-7

Altars:
Ashenzari
Elyvilon
Nemelex Xobeh
Xom


Innate Abilities, Weirdness & Mutations

You are a hulking beast.
Your limbs bulge with bestial killing power. (Slay +2)
You have sharp claws.
You have razor-sharp teeth.
You have supernaturally acute eyesight. (SInv)
You cover ground quickly. (Speed+)
You are covered in fur. (AC +1)
Your paws help you pounce on unaware monsters.
You are incapable of wielding weapons or throwing items.
You cannot wear armour.
You gain extra lives every three experience levels.


Message History

There is an open door here.
You barely miss the ufetubus. The ufetubus misses you.
The ufetubus closely misses you. The ufetubus barely misses you.
The ufetubus closely misses you.
You claw the ufetubus!
You bite the ufetubus, but do no damage.
The ufetubus is almost dead.
The ufetubus closely misses you. The ufetubus hits you.
The ufetubus slips past you! The ufetubus misses you.
The ufetubus barely misses you. The ufetubus closely misses you.
The ufetubus misses you.
You barely miss the ufetubus.
The ufetubus is almost dead.
The ufetubus hits you. The ufetubus misses you.
The ufetubus closely misses you. The ufetubus misses you.
Unknown command.
You scratch the ufetubus but do no damage.
The ufetubus is almost dead.
The ufetubus completely misses you. x2; The ufetubus hits you.
The ufetubus completely misses you. The ufetubus misses you.
The ufetubus hits you. The ufetubus completely misses you.
The ufetubus misses you.
You scratch the ufetubus.
You kill the ufetubus!
The ufetubus barely misses you. The ufetubus misses you.
The ufetubus attacks as it pursues you! The ufetubus completely misses you.
The ufetubus misses you.
Unknown command.
You miss the ufetubus. The ufetubus misses you. x2
The ufetubus closely misses you. The ufetubus hits you.
* * * LOW HITPOINT WARNING * * *
You barely miss the ufetubus. The ufetubus slips past you!
The ufetubus misses you. The ufetubus completely misses you.
Unknown command.
There is an open door here.
The ufetubus attacks as it pursues you! The ufetubus closely misses you.
The ufetubus hits you.
* * * LOW HITPOINT WARNING * * *
You barely miss the ufetubus. The ufetubus hits you.
You die...

..# #..# ...#
...# ...# ...#
.#########...#
........5h...#
........#....#
........#....#
##############


You could see an ufetubus.

Vanquished Creatures
  A scorpion (D:4)
  An iguana (D:5)
  4 gnolls (D:4)
  4 adders
  An ufetubus (D:5)
  A dart slug (D:3)
  6 orcs
  9 endoplasms
  5 giant cockroaches
  7 goblins
  8 hobgoblins
  6 jackals
  2 quokkas
  5 ball pythons
  7 bats
  A frilled lizard (D:2)
  4 kobolds
  6 rats
78 creatures vanquished.

Vanquished Creatures (others)
  A kobold (D:4)
1 creature vanquished.

Grand Total: 79 creatures vanquished

Notes
Turn   | Place    | Note
-------+----------+-------------------------------------------
     0 | D:1      | Descartes the Felid Shapeshifter began the quest for the
                  | Orb.
     0 | D:1      | Reached XP level 1. HP: 9/9 MP: 2/2
    49 | D:1      | Reached skill level 3 in Dodging
    96 | D:1      | Reached XP level 2. HP: 11/12 MP: 3/3
   582 | D:2      | Reached XP level 3. HP: 13/15 MP: 4/4
   815 | D:2      | Reached skill level 4 in Dodging
  1275 | D:3      | Reached XP level 4. HP: 19/19 MP: 5/5
  1581 | D:3      | Found a broken altar of Ashenzari.
  1697 | D:3      | Found the +5 moon troll leather armour {Spirit, Regen++
                  | MP+5}
  1787 | D:3      | Noticed an eye of devastation
  1788 | D:3      | Found a faded altar of an unknown god.
  1974 | D:3      | Found a sparkling altar of Nemelex Xobeh.
  2021 | D:3      | Found a white marble altar of Elyvilon.
  2197 | D:3      | Noticed an eye of devastation
  2205 | D:3      | Noticed a great orb of eyes
  2208 | D:3      | Noticed a great orb of eyes
  2299 | D:4      | Noticed a scorpion
  2307 | D:4      | Killed a scorpion
  2308 | D:4      | Reached skill level 5 in Dodging
  2308 | D:4      | Reached XP level 5. HP: 16/22 MP: 6/6
  2439 | D:4      | Killed from afar by an orc priest
  2449 | D:4      | Found a shimmering altar of Xom.
  2475 | D:4      | You fall into a shaft and drop 2 floors!
  2498 | D:5      | Entered Level 5 of the Dungeon
  2615 | D:5      | Mangled by an iguana
  2630 | D:5      | Slain by an ufetubus

Illustrated notes

Levels and vault maps discovered:
D:1:      mainiacjoe_arrival_reflecting_pool, layout_rooms,
          grunt_decor_fettered, chequers_serial_rivers_large_a
D:2:      layout_basic
D:3:      layout_basic, mainiacjoe_overflow_paths, elyvilon_altar_1,
          nemelex_diamond_rough_becter, hellmonk_ecumenical_altar_watching_god
D:4:      layout_layer_cave, mainiacjoe_overflow_24_doors,
          lemuel_temple_firewalk_b, minmay_ruined_shrine
D:5:      layout_gridville, overflow_temple_1_default, kiku_gazebo_pond_becter,
          uniq_duvessa
D:6:      layout_basic, lemuel_crystal_altar, nicolae_overflow_hidden_temple,
          okawaru_metal_pillars_1_2

Skill      XL: |  1  2  3  4 |
---------------+-------------+-----
Dodging        | 3 4 5 |  5.6
Unarmed Combat | 4 |  4.8
Shapeshifting  | 4 |  4.1
Fighting       | |  1.0

Action                     |  1- 3 |  4- 6 || total
---------------------------+-------+-------++-------
  Melee: Unarmed           |    97 |    89 ||   186
         Bite              |    10 |    11 ||    21
         Punch             |     3 |     2 ||     5
   Stab: Sleeping          |     3 |     1 ||     4
 Armour: Skin              |    22 |    24 ||    46
  Dodge: Dodged            |    98 |    91 ||   189

Table legend: (Time is in decaauts)
 A = Elapsed time spent in this place.
 B = Non-inter-level travel time spent in this place.
 C = Inter-level travel time spent in this place.
 D = Time resting spent in this place.
 E = Time spent auto-exploring this place.
 F = Levels seen in this place.
 G = Mean time per level.
                   A        B        C        D        E       F      G
               +--------+--------+--------+--------+--------+-----+--------+
         Total |   2209 |   2135 |     74 |      0 |   1655 |   6 |  368.2 |
       Dungeon |   2209 |   2135 |     74 |      0 |   1655 |   6 |  368.2 |
               +--------+--------+--------+--------+--------+-----+--------+

Top non-repeatable levels by time:
     D:3: 890 daAuts
     D:2: 638 daAuts
     D:1: 425 daAuts
     D:4: 127 daAuts
     D:5: 107 daAuts
     D:6: 18 daAuts
